AoeStats
← karimolmedo

Arabia

509523236Analyzed
1v1 RM · 6d ago on Sep 27, 2026· 35m 18s· 2 players
Game mode
Random Map
Map size
Tiny (2 player)
Population
200
Speed
Normal
Resources
Standard
Victory
Conquest
Starting age
Dark Age
Ending age
Imperial Age
RankedLock teamsTeams togetherTeam positionsShared explorationLock speedFull tech treeHidden civsTurbo modeCheats
Victory
Defeat
🇦🇷 Spanish · Argentina
857
+18
🇦🇺 Koreans · Australia
903
-18
karimolmedo
11:09 Feudal Age
10:33 Loom
15:29 Castle Age
26:54 Town Watch
34:58 Imperial Age
33:40 Town Patrol
Leevee
8:19 Loom
10:47 Feudal Age
11:44 Double-Bit Axe
17:04 Fletching
21:34 Castle Age
20:33 Horse Collar
22:11 Elite Skirmisher
Connection lost

Rejoining the realm…

Still unreachable

The connection could not be restored.

Session expired

The server has moved on; the page needs a fresh start.